 Dungeon Crawl Stone Soup version 0.27-a0-1217-g8a41f320e8 (webtiles) character file.

Game seed: 7444270348145292143

982 gruber the Magician (level 8, -7/50 HPs)
             Began as a Djinni Fire Elementalist on June 5, 2021.
             Mangled by a wraith (13 damage)
             ... on level 6 of the Dungeon.
             The game lasted 00:06:14 (7038 turns).

gruber the Magician (Djinni Fire Elementalist)      Turns: 7038, Time: 00:06:15

Health: -7/50      AC:  3    Str:  7    XL:     8   Next: 40%
Gold:   191        EV: 12    Int: 19    God:
                   SH:  0    Dex: 14

rFire    + + +     SeeInvis .   h - staff of fire
rCold    x . .     Faith    .   (no shield)
rNeg     . . .     Spirit   .   a - +0 robe
rPois    ∞         Reflect  .   g - +0 helmet
rElec    .         Harm     .   (no cloak)
rCorr    .         Rampage  .   (no gloves)
Will     .....                  (boots unavailable)
Stlth    ++........             (no amulet)
HPRegen  0.16/turn              (no ring)
MPRegen  0.00/turn              (no ring)

@: flying, slowed, very slow
A: sickness immunity, fire resistance 2, cold vulnerability 1, float, innate
caster, hp casting, extra vitality 1
a: no special abilities


You were on level 6 of the Dungeon.
You visited 2 branches of the dungeon, and saw 6 of its levels.
You also visited: Sewer.

You collected 191 gold pieces.

Inventory:

Missiles
 f - 27 poisoned darts
 o - 3 curare-tipped darts
Armour
 a - a +0 robe (worn)
 g - a +0 helmet (worn)
Magical Staves
 h - a staff of fire (weapon)
Scrolls
 b - 2 scrolls of blinking {unknown}
 d - a scroll of noise {unknown}
 i - a scroll of torment {unknown}
 j - 2 scrolls of vulnerability {unknown}
 k - 4 scrolls of teleportation {unknown}
 n - 4 scrolls of fog {unknown}
 r - a scroll of magic mapping {unknown}
Potions
 c - 3 potions of flight {unknown}
 e - a potion of lignification {unknown}
 l - 6 potions of heal wounds {unknown}
 m - a potion of cancellation {unknown}
 p - 2 potions of curing {unknown}
 q - a potion of magic {unknown}


   Skills:
 - Level 2.1 Dodging
 - Level 1.5 Stealth
 + Level 7.5 Spellcasting


You had one spell level left.
You knew the following spells:

 Your Spells              Type           Power      Damage    Failure   Level
a - Foxfire               Conj/Fire      100%       2x1d9     1%          1
b - Conjure Flame         Conj/Fire      52%        6-21      1%          3
c - Inner Flame           Hex/Fire       52%        N/A       1%          3
d - Sticky Flame          Conj/Fire      52%        2d7       4%          4
e - Fireball              Conj/Fire      26%        3d12      12%         5
f - Summon Small Mammal   Summ           100%       N/A       1%          1
g - Passwall              Tmut/Erth      29%        N/A       1%          2
h - Poisonous Vapours     Pois/Air       70%        N/A       1%          2
Your spell library was empty.

Dungeon Overview and Level Annotations

Branches:
Dungeon (6/15)             Temple (1/1) D:4           Sewer (visited)

Altars:
Ashenzari
Cheibriados
Fedhas
Qazlal
Ru
Sif Muna
Trog
Vehumet
Xom
Yredelemnul

Shops:
D:1 !*!


Innate Abilities, Weirdness & Mutations

You are immune to sickness and miasma.
You are immune to poison.
Your flesh is very heat resistant. (rF++)
You are vulnerable to cold. (rC-)
You float through the air rather than walking.
You learn spells naturally, not from books.
Your magical power is your life essence.
You have superior vitality. (+4 HP)


Message History

You feel a surge of power!
The sticky flame hits the wraith!
The wraith is heavily damaged.
The foxfire hits the wraith but does no damage.
The wraith is heavily damaged.
The wraith hits you! The wraith drains your vigour!
You feel yourself slow down.
Unknown command.
Unknown command.
Unknown command.
Unknown command.
Casting: Sticky Flame (dangerous; 4% risk of failure)
Confirm with . or Enter, or press ? or * to list all spells.
Aiming: Passwall (safe; 1% risk of failure)
Press: ? - help, Dir - move target, p - wraith A rock wall.
Your foxfire dissipates!
The wraith closely misses you.
You begin to meditate on the wall.
You continue meditating on the rock.
The wraith hits you. The wraith drains your vigour!
You feel as though you will be slow longer.
The wraith hits you!
You continue meditating on the rock.
The wraith hits you.
* * * LOW HITPOINT WARNING * * *
The wraith drains your vigour!
You feel as though you will be slow longer.
You finish merging with the rock.
Unknown command.
Unknown command.
The wraith hits you.
* * * LOW HITPOINT WARNING * * *
The wraith drains your vigour!
You feel as though you will be slow longer.
You are too injured to fight recklessly!
Casting: Passwall (safe; 1% risk of failure)
Confirm with . or Enter, or press ? or * to list all spells.
You feel a surge of power!
You conjure some foxfire!
* * * LOW HITPOINT WARNING * * *
The wraith hits you!
You die...

#.......###≈#≈.≈≈#≈#
#.......# #≈#†≈≈≈#≈#
#......(###≈##≈≈##≈##
#........#≈≈≈#≈≈#≈≈≈# #
#.......##≈≈≈÷≈≈#≈≈≈# .#
#)......###≈######≈###.#
####.)#######..###.#...
#....#...v..##..#.#
#.##.#.##.@v......#
#.##...#..#W#####.#
#.###......#.## .# #.#
####..###.###.# #.#
#..## ##....#
#.#####...###..##..#
#..........#W#.#.#.#
#######..W#........#
#...##.#.#.#.#


You could see a wraith (ally target).

Vanquished Creatures
  A sky beast (D:6)
  A necrophage (D:6)
  4 kobold brigands (Sewer)
  A scorpion (D:4)
  A centaur zombie (D:6)
  2 hounds
  A jelly (D:6)
  2 orc priests (D:3)
  A bullfrog skeleton (D:4)
  2 iguanas (D:4)
  8 adders
  3 river rats
  A white imp (D:6)
  An adder skeleton (D:2)
  3 worms
  4 dart slugs
  7 orcs
  10 ball pythons
  9 endoplasms
  2 giant cockroaches
  4 goblins
  2 hobgoblins
  3 jackals (D:2)
  4 quokkas
  6 bats
  2 frilled lizards
  12 kobolds
  8 rats
105 creatures vanquished.

Vanquished Creatures (others)
  599 foxfires
599 creatures vanquished.

Grand Total: 704 creatures vanquished

Notes
Turn   | Place    | Note
-------+----------+-------------------------------------------
     0 | D:1      | gruber the Djinni Fire Elementalist began the quest for the
                  | Orb.
     0 | D:1      | Reached XP level 1. HP: 15/15 MP: 0/0
   150 | D:1      | Found Zeruth's Assorted Antiques.
   300 | D:1      | Found Nuoqu's Distillery.
   510 | D:1      | Reached XP level 2. HP: 14/21 MP: 0/0
   638 | D:1      | Found Wavoesua's Distillery.
   806 | D:1      | Reached skill level 3 in Spellcasting
  1066 | D:1      | Found a faded altar of an unknown god.
  1597 | D:2      | Reached XP level 3. HP: 15/25 MP: 0/0
  1597 | D:2      | Learned a level 1 spell: Summon Small Mammal
  2169 | D:2      | Reached XP level 4. HP: 28/31 MP: 0/0
  3449 | D:3      | Reached skill level 4 in Spellcasting
  4121 | D:3      | Reached XP level 5. HP: 31/35 MP: 0/0
  4121 | D:3      | Learned a level 2 spell: Passwall
  4210 | D:3      | Found a snail-covered altar of Cheibriados.
  4607 | D:4      | Found a staircase to the Ecumenical Temple.
  4659 | Temple   | Entered the Ecumenical Temple
  4960 | D:4      | Reached XP level 6. HP: 34/40 MP: 0/0
  4966 | D:4      | Reached skill level 5 in Spellcasting
  5289 | D:4      | You are sucked into a shaft and drop 2 floors!
  5298 | D:6      | Reached XP level 7. HP: 38/45 MP: 0/0
  5298 | D:6      | Learned a level 2 spell: Poisonous Vapours
  5402 | D:6      | Reached skill level 6 in Spellcasting
  5707 | D:6      | Identified the +8 great sword "Maerup" {distort, rF+++ MP-9
                  | SInv}
  5887 | D:6      | Found a glowing drain.
  5904 | Sewer    | Entered a sewer
  6457 | Sewer    | Reached XP level 8. HP: 46/50 MP: 0/0
  6700 | Sewer    | Reached skill level 7 in Spellcasting
  7024 | D:6      | Noticed a wraith
  7038 | D:6      | Mangled by a wraith

Illustrated notes

Levels and vault maps discovered:
D:1:      dpeg_arrival_radiant, layout_basic, serial_shops, shop, shop_statue,
          shop, hellmonk_ecumenical_altar_zigzags, minmay_pentomino_t2
D:2:      wad_crossroads, layout_loops_ring
D:3:      layout_basic, lemuel_round_altar
D:4:      layout_basic, nicolae_overflow_crystal_walls, temple_statues
D:6:      layout_loops_ring, grunt_temple_overflow_opulence,
          gup_sewer_entry_bubbles, st_stairs_12
Temple:   jpeg_temple_island

Skill      XL: |  1  2  3  4  5  6  7  8 |
---------------+-------------------------+-----
Spellcasting   | 3 4 5 6 7 |  7.5
Dodging        | |  2.1
Stealth        | |  1.5

Action                   |  1- 3 |  4- 6 |  7- 9 || total
-------------------------+-------+-------+-------++-------
Melee: Unarmed           |     3 |       |       ||     3
       Staff             |       |     1 |     2 ||     3
 Cast: Foxfire           |    77 |   162 |   135 ||   374
       Sticky Flame      |       |       |     3 ||     3
       Passwall          |       |       |     1 ||     1
Armor: Robe              |     5 |     4 |     4 ||    13
Dodge: Dodged            |    14 |     7 |    17 ||    38

Table legend: (Time is in decaauts)
 A = Elapsed time spent in this place.
 B = Non-inter-level travel time spent in this place.
 C = Inter-level travel time spent in this place.
 D = Time resting spent in this place.
 E = Time spent auto-exploring this place.
 F = Levels seen in this place.
 G = Mean time per level.
                   A        B        C        D        E       F      G
               +--------+--------+--------+--------+--------+-----+--------+
         Total |   7043 |   6856 |    187 |    196 |   5879 |   7 | 1006.1 |
       Dungeon |   5757 |   5585 |    172 |    144 |   4826 |   5 | 1151.4 |
        Temple |    265 |    251 |     14 |      0 |    247 |   1 |  265.0 |
         Sewer |   1020 |   1020 |      0 |     52 |    806 |   1 | 1020.0 |
               +--------+--------+--------+--------+--------+-----+--------+

Top non-repeatable levels by time:
     D:1: 1705 daAuts
     D:2: 1556 daAuts
     D:3: 1345 daAuts
   Sewer: 1020 daAuts
     D:6: 733 daAuts
     D:4: 416 daAuts
  Temple: 265 daAuts
